 Dungeon Crawl Stone Soup version 0.17.0-28-g6e173f8 (webtiles) character file.

323 PossumBlood the Shield-Bearer (level 6, -1/53 HPs)
             Began as a Minotaur Fighter on Nov 26, 2015.
             Was a Follower of Okawaru.
             Slain by Pikel
             ... wielding a +2 whip of electrocution
              (5 damage)
             ... on level 4 of the Dungeon.
             The game lasted 00:09:38 (1911 turns).

PossumBlood the Shield-Bearer (Minotaur Fighter)    Turns: 1911, Time: 00:09:38

Health: -1/53      AC: 11    Str: 27    XL:     6   Next: 23%
Magic:  5/5        EV:  8    Int:  5    God:    Okawaru [*.....]
Gold:   148        SH: 16    Dex: 10    Spells: 0 memorised, 5 levels left

rFire  + . .     SeeInvis .     n - +1 falchion (slice)
rCold  . . .     Clarity  .     m - +1 ring mail {rF+}
rNeg   . . .     SustAt   .     p - +0 large shield
rPois  +         Gourm    .     (helmet restricted)
rElec  .         Spirit   .     o - +0 cloak {rPois}
rCorr  .         Warding  .     (no gloves)
rMut   .         Stasis   .     i - +2 pair of boots
MR     .....                    (no amulet)
Stlth  ..........               (no ring)
                                (no ring)

@: mighty, not resistant to hostile enchantments, extremely unstealthy
A: retaliatory headbutt, horns 2
a: Heroism, Renounce Religion


You were on level 4 of the Dungeon.
You worshipped Okawaru.
Okawaru was aware of your devotion.
You were not hungry.

You visited 1 branch of the dungeon, and saw 4 of its levels.

You collected 148 gold pieces.

Inventory:

Hand Weapons
 a - a +0 long sword
 f - a +1 short sword of speed
 k - a +2 mace of crushing
 n - a +1 falchion of slicing (weapon)
Armour
 b - a +0 scale mail
 c - a +0 shield
 i - a +2 pair of boots (worn)
 m - a +1 ring mail of fire resistance (worn)
 o - a +0 cloak of poison resistance (worn)
 p - a +0 large shield (worn)
Jewellery
 g - a +4 ring of intelligence
 h - a cursed ring of teleportation
Wands
 l - a wand of random effects (17)
Scrolls
 j - 3 scrolls of identify
 r - a scroll of remove curse
Potions
 d - 3 potions of might
Comestibles
 e - 3 bread rations
 q - a meat ration


   Skills:
 + Level 4.6 Fighting
 + Level 3.7 Long Blades
 + Level 5.0 Armour
 + Level 2.7 Dodging
 + Level 5.5 Shields


You had 5 spell levels left.
You didn't know any spells.

Dungeon Overview and Level Annotations

Branches:
Dungeon (4/15)
 Temple: D:4-7

Altars:
Ashenzari
Dithmenos
Gozag
Okawaru
Ru
Vehumet
The Shining One

Shops:
D:3 *

Annotations:
D:4 Pikel


Innate Abilities, Weirdness & Mutations

You reflexively headbutt those who attack you in melee.
You have a pair of horns on your head.


Message History

Pikel is heavily wounded.
You block Pikel's attack. The slave hits you. The slave barely misses you.
You block the slave's attack. The slave hits you but does no damage.
Pikel says, "I'm sure you'll love being tied up!"
Pikel hits you but does no damage.
You are electrocuted!
* * * LOW HITPOINT WARNING * * *
You block the slave's attack.
Drink which item? (? for menu, Esc to quit)
You feel very mighty all of a sudden. The slave hits you.
* * * LOW HITPOINT WARNING * * *
You block the slave's attack. x2
The slave hits you.
* * * LOW HITPOINT WARNING * * *
Read which item? (? for menu, Esc to quit)
Okay, then.
You slash Pikel! Your headbutt misses Pikel.
Pikel is severely wounded.
Pikel hits you with a whip of electrocution.
You die...

......# #.....#
......####.....###
..####...........# ..#
+...........# ..#
#...........#
..####...........#####
....####+######......##.
....# #......'.. ....#
#p@p...#.. ....#
#ppK...# ....# #......#
....+ +......# ....#
#......# ..### ##......#
..# #......# ..#
#......# ..#


You could see Pikel and 4 slaves.

Vanquished Creatures
  A scorpion (D:4)
  The ghost of PossumBlood the Skirmisher, a weakling CeFi (D:3)
  Crazy Yiuf (D:3)
  An orc wizard (D:3)
  Jessica (D:2)
  5 adders
  2 oozes
  3 worms
  4 giant geckos
  5 orcs (D:3)
  8 bats
  A giant cockroach (D:1)
  9 hobgoblins
  5 jackals
  2 quokkas
  5 giant newts
  7 goblins
  10 kobolds
  12 rats
83 creatures vanquished.

Notes
Turn   | Place    | Note
--------------------------------------------------------------
     0 | D:1      | PossumBlood the Minotaur Fighter began the quest for the Orb.
     0 | D:1      | Reached XP level 1. HP: 19/19 MP: 0/0
    94 | D:1      | Reached XP level 2. HP: 27/27 MP: 1/1
   123 | D:1      | Reached skill level 4 in Shields
   520 | D:2      | Reached XP level 3. HP: 33/33 MP: 2/2
   544 | D:2      | Found an iron altar of Okawaru.
   565 | D:2      | Became a worshipper of Warmaster Okawaru
   637 | D:2      | Noticed Jessica
   645 | D:2      | Killed Jessica
   715 | D:2      | Reached XP level 4. HP: 26/40 MP: 3/3
  1158 | D:3      | Reached skill level 1 in Dodging
  1169 | D:3      | Found a shadowy altar of Dithmenos.
  1189 | D:3      | Noticed PossumBlood's ghost (weakling CeFi)
  1192 | D:3      | Found a glowing golden altar of the Shining One.
  1199 | D:3      | Killed PossumBlood's ghost
  1199 | D:3      | Reached * piety under Okawaru
  1199 | D:3      | Reached skill level 5 in Shields
  1199 | D:3      | Reached XP level 5. HP: 33/47 MP: 4/4
  1319 | D:3      | Found Gozag's Platinum Reserve.
  1366 | D:3      | Found an opulent altar of Gozag.
  1461 | D:3      | Noticed Crazy Yiuf
  1467 | D:3      | Killed Crazy Yiuf
  1529 | D:3      | Reached XP level 6. HP: 53/53 MP: 5/5
  1616 | D:3      | Found a sacrificial altar of Ru.
  1815 | D:4      | Reached skill level 5 in Armour
  1816 | D:4      | Found a shattered altar of Ashenzari.
  1819 | D:4      | Found a radiant altar of Vehumet.
  1897 | D:4      | Noticed Pikel
  1911 | D:4      | Slain by Pikel

Action                   |  1- 3 |  4- 6 || total
-------------------------+-------+-------++-------
Melee: Long sword        |    75 |       ||    75
       Falchion          |     5 |   119 ||   124
  Use: Scroll            |     9 |     3 ||    12
       Potion            |       |     2 ||     2
  Eat: Beef jerky        |       |     1 ||     1
       Bread ration      |       |     1 ||     1
